cohdb
Replays
Latest Replays
All Replays
Popular Replays
Top Player Replays
Match Explorer
How It Works
Community
CoH3 Stats
Reddit
Sign in to upload your games and track your stats! →
Sign in with Steam
Match 42084530
Unlisted
Match 42084530
Overview
Messages
Build Orders
End
Construct Section Command Post
Selects Canadian Shock Battlegroup
Dingo Light Scout Car
Infantry Section
Infantry Section
Selects Attacking Spirit
Infantry Section
Construct Platoon Command Post
Humber Armored Car
Selects Canadian Shock Section
Selects Incendiary Munitions
Selects Pyrotechnics
Grenade Package
Vickers Machine Gun Team
Symbiosis
Skeng.Tecnica.International
Saueee
Von
0
0
Comments
sign in to comment!
No comments posted yet!